 Dungeon Crawl Stone Soup version 0.20-a0-833-gc632bec (webtiles) character file.

1116 trey113 the Basher (level 8, -6/70 HPs)
             Began as a Minotaur Berserker on Mar 8, 2017.
             Was a Priest of Trog.
             Killed by divine providence
             ... invoked by an orc priest
              (13 damage)
             ... on level 6 of the Dungeon.
             The game lasted 00:21:04 (4493 turns).

trey113 the Basher (Minotaur Berserker)             Turns: 4493, Time: 00:21:07

Health: -6/70      AC:  9    Str: 24    XL:     8   Next: 12%
Magic:  7/7        EV:  9    Int:  4    God:    Trog [***...]
Gold:   213        SH:  0    Dex: 10    Spells: 7/7 levels left

rFire    + . .     SeeInvis .   a - +1 mace
rCold    . . .     Gourm    +   y - -1 chain mail (curse)
rNeg     . . .     Faith    .   (no shield)
rPois    .         Spirit   .   (helmet restricted)
rElec    .         Reflect  .   (no cloak)
rCorr    .         Harm     .   (no gloves)
MR       .....     Rnd*Tele +   (no boots)
Stlth    ..........             u - amulet of the gourmand
Regen    0.3/turn               p - ring of teleportation (curse)
MPRegen  0.1/turn               l - ring of protection from fire

@: no status effects
A: retaliatory headbutt, horns 2
a: Berserk, Trog's Hand, Burn Spellbooks, Renounce Religion


You were on level 6 of the Dungeon.
You worshipped Trog.
Trog was most pleased with you.
You were not hungry.

You visited 1 branch of the dungeon, and saw 6 of its levels.

You collected 213 gold pieces.

Inventory:

Hand Weapons
 a - a +1 mace (weapon)
Armour
 b - a +0 animal skin
 e - a +0 scale mail
 y - a cursed -1 chain mail (worn)
Jewellery
 l - a ring of protection from fire (left hand)
 p - a cursed ring of teleportation (right hand)
 u - an amulet of the gourmand (around neck)
Wands
 r - a wand of confusion (16/48)
Scrolls
 n - a scroll of recharging
 o - a scroll of blinking
Potions
 c - a potion of agility {unknown}
 g - 2 potions of curing
 i - a potion of lignification
 j - 2 potions of flight
 q - a potion of brilliance
Comestibles
 f - 2 royal jellies
 h - 4 meat rations
 m - 11 fruits
 x - a bread ration


   Skills:
 + Level 6.2 Fighting
 + Level 8.7 Maces & Flails
 + Level 6.1 Armour
 + Level 3.6 Dodging


You had 7 spell levels left.
You didn't know any spells.

Dungeon Overview and Level Annotations

Branches:
Dungeon (6/15)             Temple (0/1) D:4

Altars:
Hepliaklqana
Makhleb
Okawaru
Yredelemnul


Innate Abilities, Weirdness & Mutations

You reflexively headbutt those who attack you in melee.
You have a pair of horns on your head.


Message History

You feel much better.
The orc priest shouts!
Something hits you but does no damage.
Your magical effects are unravelling.
You feel magically purged.
You feel less confused.
The orc warrior hits you with a battleaxe!
* * * LOW HITPOINT WARNING * * *
Something hits you.
* * * LOW HITPOINT WARNING * * *
You closely miss something. Something hits you.
* * * LOW HITPOINT WARNING * * *
The orc priest looks satisfied for a moment.
Your chain mail prevents you from hitting something.
Something hits you but does no damage.
The orc warrior hits you with a battleaxe!
* * * LOW HITPOINT WARNING * * *
The orc priest invokes the aid of Beogh against you.
Beogh smites you!
You die...

##.# .#.. # ...... ..
###.##..o.### #.# ...
..... ..## ##.#
#.####.####..# ... #
#.##.....##.. #.#
.##.###.#o......#.# ###.#
........#@{.....#.####....
#......_...†.........
#..#..(....#.####.#).
##.#.......#.####.###
#.##.....##.#.......
#.####.####.#.##.### #..
..... ..# #.#
###.###...... #.# #
...######.#


You could see an orc warrior and an orc priest.

Vanquished Creatures
  Sigmund (D:6)
  The ghost of Idiomancer the Ducker, an amateur FeMo (D:3)
  A sky beast (D:6)
  Blork the orc (D:4)
  A bullfrog (D:6)
  A wyvern skeleton (D:6)
  2 scorpions
  3 crimson imps
  A bullfrog zombie (D:5)
  A hound (D:4)
  A bullfrog skeleton (D:4)
  Jessica (D:2)
  Terence (D:3)
  4 worker ants
  3 adders
  2 oozes
  An adder skeleton (D:5)
  5 worms
  2 dart slugs (D:1)
  3 leopard geckos
  8 orcs
  5 giant cockroaches
  3 goblins
  11 hobgoblins
  8 jackals
  9 kobolds
  3 quokkas
  3 ball pythons
  5 bats
  4 frilled lizards
  5 rats
100 creatures vanquished.

Vanquished Creatures (others)
  A giant cockroach (D:3)
  A hobgoblin (D:3)
  2 bats (D:3)
4 creatures vanquished.

Grand Total: 104 creatures vanquished

Notes
Turn   | Place    | Note
-------+----------+-------------------------------------------
     0 | D:1      | trey113 the Minotaur Berserker began the quest for the Orb.
     0 | D:1      | Reached XP level 1. HP: 19/19 MP: 0/0
   104 | D:1      | Reached XP level 2. HP: 24/27 MP: 1/1
   219 | D:1      | Reached skill level 4 in Maces & Flails
   451 | D:1      | Reached XP level 3. HP: 33/33 MP: 2/2
   476 | D:1      | Reached ** piety under Trog
   651 | D:2      | Noticed Jessica
   658 | D:2      | Killed Jessica
   678 | D:2      | Found a hazy altar of Hepliaklqana.
   772 | D:2      | Reached XP level 4. HP: 31/40 MP: 3/3
   988 | D:2      | Reached skill level 5 in Maces & Flails
  1036 | D:2      | Found a burning altar of Makhleb.
  1597 | D:3      | Noticed Terence
  1608 | D:3      | Killed Terence
  1617 | D:3      | Noticed Idiomancer's ghost (amateur FeMo)
  1829 | D:3      | Killed Idiomancer's ghost
  1829 | D:3      | Reached skill level 6 in Maces & Flails
  1829 | D:3      | Reached XP level 5. HP: 35/47 MP: 4/4
  2378 | D:3      | Reached *** piety under Trog
  2405 | D:3      | Reached XP level 6. HP: 51/55 MP: 5/5
  2670 | D:4      | Reached skill level 5 in Fighting
  2860 | D:4      | Noticed Blork the orc
  2871 | D:4      | Killed Blork the orc
  3268 | D:4      | Found a staircase to the Ecumenical Temple.
  3436 | D:4      | Reached skill level 7 in Maces & Flails
  3562 | D:5      | Entered Level 5 of the Dungeon
  3574 | D:5      | Reached XP level 7. HP: 46/61 MP: 6/6
  4156 | D:6      | Found an iron altar of Okawaru.
  4199 | D:6      | Reached skill level 5 in Armour
  4329 | D:6      | Noticed Sigmund
  4337 | D:6      | Killed Sigmund
  4337 | D:6      | Reached skill level 8 in Maces & Flails
  4349 | D:6      | Found a basalt altar of Yredelemnul.
  4361 | D:6      | Reached XP level 8. HP: 31/70 MP: 7/7
  4493 | D:6      | Killed from afar by an orc priest

Vault maps used:
D:1:      dpeg_arrival_line_fractal
D:2:      lemuel_round_altar, overflow_temple_1_default, uniq_jessica
D:3:      lemuel_old_faithful, uniq_terence
D:4:      minmay_temple_entry_overgrown, minmay_quantized, uniq_blork_the_orc
D:5:      first_bread, grunt_ministairs_9
D:6:      marbit_many_paths, old_standard_altar, grunt_temple_overflow_open,
          uniq_crazy_yiuf_cottage, uniq_sigmund

Skill      XL: |  1  2  3  4  5  6  7 |
---------------+----------------------+-----
Maces & Flails | 4 6 7 8 |  8.7
Fighting       | 4 5 6 |  6.2
Armour         | 3 4 6 |  6.1
Dodging        | 3 |  3.6

Action                   |  1- 3 |  4- 6 |  7- 9 || total
-------------------------+-------+-------+-------++-------
Melee: Mace              |    56 |   145 |    76 ||   277
       Headbutt          |     8 |    24 |    14 ||    46
Invok: Berserk           |       |     2 |       ||     2
  Use: Scroll            |     1 |     5 |     7 ||    13
       Potion            |       |     2 |     4 ||     6
  Eat: Bread ration      |       |     3 |       ||     3
Armor: Scale mail        |    31 |    44 |     8 ||    83
       Chain mail        |       |       |    10 ||    10
Dodge: Dodged            |    48 |    54 |    30 ||   132
